ESL (28 & UNDER)
BUFFALO LIGHTSABRES @ READING RAINBOWS
09/16/2027
 
TOP OF THE 1ST
Buffalo LightSabres batting - Pitching for Reading Rainbows : LHP Tomás López
Pitching: LHP Tomás López
Batting: SHB Manuel Jiménez 0-0: Called Strike
0-1: Ball
1-1: Foul Ball, location: 2F
1-2: Foul Ball, location: 2F
1-2: Ball
2-2: Foul Ball, location: 2F
2-2: SINGLE (Flyball, 89S)
Batting: RHB Júlio López 0-0: Foul Ball, location: 2F
0-1: Called Strike
0-2: Foul Ball, location: 2F
0-2: Ball
1-2: Fielders Choice at 2nd, 4-6 (Groundball, 4)
Batting: RHB Mario Solís 0-0: Ball
1-0: Ball
2-0: Foul Ball, location: 2F
2-1: Ground out 5-3 (Groundball, 56S)
Júlio López to second
Batting: SHB Javier Jiménez 0-0: Foul Ball, location: 2F
0-1: Ground out 5-3 (Groundball, 56S)
Top of the 1st over - 0 run(s), 1 hit(s), 0 error(s), 1 left on base; Buffalo 0 - Reading 0
BOTTOM OF THE 1ST
Reading Rainbows batting - Pitching for Buffalo LightSabres : RHP Pat Monroe
Pitching: RHP Pat Monroe
Batting: SHB Dan Chandler 0-0: Ball
1-0: Bunted foul
1-1: Foul Ball, location: 2F
1-2: Ball
2-2: Fly out, F8 (Line Drive, 8LM)
Batting: RHB Ron King 0-0: Ball
1-0: Called Strike
1-1: Swinging Strike
1-2: Fly out, F5 (Popup, 56)
Batting: LHB António Salazar 0-0: DOUBLE (Flyball, 9LM)
Batting: LHB John Hudson 0-0: Ball
1-0: Foul Ball, location: 2F
1-1: Swinging Strike
1-2: Fly out, F8 (Flyball, 8RM)
Bottom of the 1st over - 0 run(s), 1 hit(s), 0 error(s), 1 left on base; Buffalo 0 - Reading 0
TOP OF THE 2ND
Buffalo LightSabres batting - Pitching for Reading Rainbows : LHP Tomás López
Batting: LHB Rob Davidson 0-0: Ball
1-0: Called Strike
1-1: Ball
2-1: Ball
3-1: Base on Balls
Batting: RHB Armando Gusmán 0-0: Fly out, F8 (Flyball, 8RM)
Batting: SHB Jason Mason 0-0: Foul Ball, location: 2F
0-1: Foul Ball, location: 2F
0-2: Ball
1-2: SINGLE (Groundball, 6D)
Rob Davidson to second
Rob Davidson to third
Batting: LHB Zack Payton 0-0: Called Strike
0-1: Foul Ball, location: 2F
0-2: Fielders Choice at 2nd, 6-4 (Groundball, 6M)
Rob Davidson scores
Batting: RHB Alfredo Villegas 0-0: Called Strike
0-1: Called Strike
0-2: Strikes out swinging
Top of the 2nd over - 1 run(s), 1 hit(s), 0 error(s), 1 left on base; Buffalo 1 - Reading 0
BOTTOM OF THE 2ND
Reading Rainbows batting - Pitching for Buffalo LightSabres : RHP Pat Monroe
Now at SS: Donato Gozende
Batting: RHB Ethan Moore 0-0: Ball
1-0: Ground out 5-3 (Groundball, 56S)
Batting: LHB Shane Lynch 0-0: Swinging Strike
0-1: Ball
1-1: Ball
2-1: Ground out 6-3 (Groundball, 6D)
Batting: RHB Juan Magdayao 0-0: Called Strike
0-1: Called Strike
0-2: Foul Ball, location: 2F
0-2: Foul Ball, location: 2F
0-2: Ball
1-2: Ball
2-2: Ball
3-2: Base on Balls
Batting: RHB Hubert Brown 0-0: Called Strike
0-1: Ball
1-1: Fly out, F9 (Flyball, 9LM)
Bottom of the 2nd over - 0 run(s), 0 hit(s), 0 error(s), 1 left on base; Buffalo 1 - Reading 0
TOP OF THE 3RD
Buffalo LightSabres batting - Pitching for Reading Rainbows : LHP Tomás López
Batting: SHB Manuel Jiménez 0-0: Bunt for hit - play at first, batter safe!
Batting: RHB Júlio López 0-0: Swinging Strike
0-1: Foul Ball, location: 2F
0-2: Ball
1-2: Foul Ball, location: 2F
1-2: Fly out, F8 (Line Drive, 8RD)
Batting: RHB Mario Solís 0-0: Ball
1-0: Called Strike
1-1: SINGLE (Groundball, 6) (infield hit)
Manuel Jiménez to second
Batting: SHB Javier Jiménez 0-0: Ball
1-0: Called Strike
1-1: Called Strike
1-2: Ball
2-2: Strikes out looking
Batting: LHB Rob Davidson 0-0: Foul Ball, location: 2F
0-1: SINGLE (Line Drive, 78S)
Manuel Jiménez to third
Mario Solís to second
Runner from 3rd tries for Home, SAFE, no throw
Batting: RHB Armando Gusmán 0-0: Ball
1-0: Ball
2-0: Ball
3-0: Base on Balls
Mario Solís to third
Rob Davidson to second
Batting: RHB Donato Gozende 0-0: Called Strike
0-1: Ball
1-1: Foul Ball, location: 2F
1-2: Foul Ball, location: 2F
1-2: Fielders Choice at 2nd, 4-6 (Groundball, 34D)
Top of the 3rd over - 1 run(s), 3 hit(s), 0 error(s), 2 left on base; Buffalo 2 - Reading 0
BOTTOM OF THE 3RD
Reading Rainbows batting - Pitching for Buffalo LightSabres : RHP Pat Monroe
Batting: RHB Louis Smith 0-0: Ball
1-0: Called Strike
1-1: Ground out 4-3 (Groundball, 4)
Batting: SHB Dan Chandler 0-0: Ball
1-0: Foul Ball, location: 2F
1-1: Swinging Strike
1-2: Ball
2-2: Strikes out swinging
Batting: RHB Ron King 0-0: Foul Ball, location: 2F
0-1: Fly out, F7 (Flyball, 7)
Bottom of the 3rd over - 0 run(s), 0 hit(s), 0 error(s), 0 left on base; Buffalo 2 - Reading 0
TOP OF THE 4TH
Buffalo LightSabres batting - Pitching for Reading Rainbows : LHP Tomás López
Batting: LHB Zack Payton 0-0: Fly out, F7 (Line Drive, 7LM)
Batting: RHB Alfredo Villegas 0-0: Ball
1-0: Foul Ball, location: 2F
1-1: Hit by Pitch
Batting: SHB Manuel Jiménez 0-0: Ball
1-0: SINGLE (Groundball, 6MD)
Alfredo Villegas to second
Batting: RHB Júlio López 0-0: Ball
1-0: Fly out, F9 (Flyball, 89M)
Batting: RHB Mario Solís 0-0: Called Strike
0-1: Ball
1-1: Called Strike
1-2: Ball
2-2: Ball
3-2: Base on Balls
Alfredo Villegas to third
Manuel Jiménez to second
Batting: SHB Javier Jiménez 0-0: Called Strike
0-1: Foul Ball, location: 2F
0-2: Foul Ball, location: 2F
0-2: Strikes out swinging
Top of the 4th over - 0 run(s), 1 hit(s), 0 error(s), 3 left on base; Buffalo 2 - Reading 0
BOTTOM OF THE 4TH
Reading Rainbows batting - Pitching for Buffalo LightSabres : RHP Pat Monroe
Batting: LHB António Salazar 0-0: Ball
1-0: Ball
2-0: Ball
3-0: Base on Balls
Batting: LHB John Hudson 0-0: Ball
1-0: Swinging Strike
1-1: Foul Ball, location: 2F
1-2: Strikes out swinging
Batting: RHB Ethan Moore 0-0: Ball
1-0: Swinging Strike
1-1: Fly out, F8 (Flyball, 89M)
Batting: LHB Shane Lynch 0-0: Called Strike
0-1: Ball
1-1: Ball
2-1: SINGLE (Line Drive, 78S)
António Salazar to second
Batting: RHB Juan Magdayao 0-0: Ball
1-0: Ball
2-0: Reached on error, E6 (Groundball, 6)
António Salazar to third
Shane Lynch to second
Batting: RHB Hubert Brown 0-0: Called Strike
0-1: Ball
1-1: Ball
2-1: Foul Ball, location: 2F
2-2: Ground out 5-3 (Groundball, 5S)
Bottom of the 4th over - 0 run(s), 1 hit(s), 1 error(s), 3 left on base; Buffalo 2 - Reading 0
TOP OF THE 5TH
Buffalo LightSabres batting - Pitching for Reading Rainbows : LHP Tomás López
Batting: LHB Rob Davidson 0-0: Ball
1-0: Ball
2-0: Ball
3-0: Called Strike
3-1: Ground out 4-3 (Groundball, 4)
Batting: RHB Armando Gusmán 0-0: Called Strike
0-1: Swinging Strike
0-2: Strikes out looking
Batting: RHB Donato Gozende 0-0: Ball
1-0: Ball
2-0: Fly out, F3 (Line Drive, 3S)
Top of the 5th over - 0 run(s), 0 hit(s), 0 error(s), 0 left on base; Buffalo 2 - Reading 0
BOTTOM OF THE 5TH
Reading Rainbows batting - Pitching for Buffalo LightSabres : RHP Pat Monroe
Batting: RHB Louis Smith 0-0: Ball
1-0: SINGLE (Groundball, 34D)
Batting: SHB Dan Chandler 0-0: Called Strike
0-1: Called Strike
0-2: Ball
1-2: Strikes out swinging
Batting: RHB Ron King 0-0: Ball
1-0: Ball
2-0: 2-RUN HOME RUN (Line Drive, 7D), Distance : 379 ft
Batting: LHB António Salazar 0-0: Called Strike
0-1: Called Strike
0-2: Ball
1-2: Foul Ball, location: 2F
1-2: Ball
2-2: Fly out, F7 (Flyball, 7LM)
Batting: LHB John Hudson 0-0: Ball
1-0: Ball
2-0: Foul Ball, location: 2F
2-1: Swinging Strike
2-2: Strikes out looking
Bottom of the 5th over - 2 run(s), 2 hit(s), 0 error(s), 0 left on base; Buffalo 2 - Reading 2
TOP OF THE 6TH
Buffalo LightSabres batting - Pitching for Reading Rainbows : LHP Tomás López
Batting: LHB Zack Payton 0-0: Foul Ball, location: 2F
0-1: Called Strike
0-2: Strikes out swinging
Batting: RHB Alfredo Villegas 0-0: Ground out 6-3 (Groundball, 6)
Batting: SHB Manuel Jiménez 0-0: Ground out U3 (Groundball, 3)
Top of the 6th over - 0 run(s), 0 hit(s), 0 error(s), 0 left on base; Buffalo 2 - Reading 2
BOTTOM OF THE 6TH
Reading Rainbows batting - Pitching for Buffalo LightSabres : RHP Pat Monroe
Pitching: RHP Travis Whitney
Batting: RHB Ethan Moore 0-0: Ball
1-0: Ball
2-0: Ball
3-0: Called Strike
3-1: Foul Ball, location: 2F
3-2: Base on Balls
Batting: LHB Shane Lynch 0-0: Foul Ball, location: 2F
0-1: Foul Ball, location: 2F
0-2: Strikes out looking
Batting: RHB Juan Magdayao 0-0: Ball
1-0: Ball
2-0: Ball
3-0: Called Strike
3-1: Foul Ball, location: 2F
3-2: Base on Balls
Ethan Moore to second
Batting: RHB Hubert Brown 0-0: Ball
1-0: Ball
2-0: SINGLE (Line Drive, 4)
Ethan Moore to third
Juan Magdayao to second
Runner from 3rd tries for Home, SAFE, throw made home
Juan Magdayao to third
Hubert Brown to second
Batting: RHB Louis Smith 0-0: Intentional Walk
Batting: SHB Dan Chandler 0-0: Ball
1-0: SINGLE (Groundball, 6MD)
Juan Magdayao scores
Hubert Brown to third
Louis Smith to second
Runner from 3rd tries for Home, SAFE, no throw
Pitching: RHP Dylan Versluis
Batting: RHB Ron King 0-0: Foul Ball, location: 2F
0-1: Fly out, F9 (Flyball, 9)
Batting: LHB António Salazar 0-0: Ball
1-0: SINGLE (Groundball, 4MD)
Louis Smith to third
Dan Chandler to second
Batting: LHB John Hudson 0-0: Swinging Strike
0-1: Ball
1-1: Fly out, F4 (Popup, 4MD)
Bottom of the 6th over - 3 run(s), 3 hit(s), 0 error(s), 3 left on base; Buffalo 2 - Reading 5
TOP OF THE 7TH
Buffalo LightSabres batting - Pitching for Reading Rainbows : LHP Tomás López
Pitching: RHP Chris Lee
Batting: RHB Júlio López 0-0: Ball
1-0: Ball
2-0: Called Strike
2-1: Bunted foul
2-2: SINGLE (Line Drive, 8LS)
Batting: RHB Mario Solís 0-0: Foul Ball, location: 2F
0-1: Grounds into double play, 4-6-3 (Groundball, 4)
Batting: SHB Javier Jiménez 0-0: Called Strike
0-1: Ball
1-1: Foul Ball, location: 2F
1-2: Ball
2-2: Strikes out looking
Top of the 7th over - 0 run(s), 1 hit(s), 0 error(s), 0 left on base; Buffalo 2 - Reading 5
BOTTOM OF THE 7TH
Reading Rainbows batting - Pitching for Buffalo LightSabres : RHP Dylan Versluis
Batting: RHB Ethan Moore 0-0: Ball
1-0: SINGLE (Flyball, 78S)
Batting: LHB Shane Lynch 0-0: Bunted foul
0-1: Bunted foul
0-2: Fly out, F7 (Flyball, 7S)
Batting: RHB Juan Magdayao 0-0: Ball
1-0: Ball
2-0: Swinging Strike
2-1: Foul Ball, location: 2F
2-2: Foul Ball, location: 2F
2-2: SINGLE (Flyball, 7LS)
Ethan Moore to second
Batting: RHB Hubert Brown 0-0: Ball
Ethan Moore steals 3rd base
Juan Magdayao to second
1-0: Called Strike
1-1: Foul Ball, location: 2F
1-2: Ball
2-2: Strikes out looking
Batting: RHB Louis Smith 0-0: Called Strike
0-1: Called Strike
0-2: Ball
1-2: Strikes out swinging
Bottom of the 7th over - 0 run(s), 2 hit(s), 0 error(s), 2 left on base; Buffalo 2 - Reading 5
TOP OF THE 8TH
Buffalo LightSabres batting - Pitching for Reading Rainbows : RHP Chris Lee
Batting: LHB Rob Davidson 0-0: Called Strike
0-1: Foul Ball, location: 2F
0-2: Foul Ball, location: 2F
0-2: Ground out 1-3 (Groundball, 15S)
Batting: RHB Armando Gusmán 0-0: Ball
1-0: Swinging Strike
1-1: Called Strike
1-2: Ball
2-2: Strikes out swinging
Batting: RHB Donato Gozende 0-0: Called Strike
0-1: Ground out 6-3 (Groundball, 56)
Top of the 8th over - 0 run(s), 0 hit(s), 0 error(s), 0 left on base; Buffalo 2 - Reading 5
BOTTOM OF THE 8TH
Reading Rainbows batting - Pitching for Buffalo LightSabres : RHP Dylan Versluis
Batting: SHB Dan Chandler 0-0: Called Strike
0-1: Fly out, F8 (Flyball, 78M)
Batting: RHB Ron King 0-0: Called Strike
0-1: Swinging Strike
0-2: Strikes out swinging
Batting: LHB António Salazar 0-0: Ball
1-0: Called Strike
1-1: Ball
2-1: Swinging Strike
2-2: Ball
3-2: Base on Balls
Batting: LHB John Hudson 0-0: Ball
António Salazar steals 2nd base
1-0: Called Strike
1-1: Called Strike
1-2: Ball
2-2: Ball
3-2: Ground out 5-3 (Groundball, 56S)
Bottom of the 8th over - 0 run(s), 0 hit(s), 0 error(s), 1 left on base; Buffalo 2 - Reading 5
TOP OF THE 9TH
Buffalo LightSabres batting - Pitching for Reading Rainbows : RHP Chris Lee
Pitching: LHP Holden Clark
Batting: LHB Zack Payton 0-0: Ball
1-0: Called Strike
1-1: Foul Ball, location: 2F
1-2: Foul Ball, location: 2F
1-2: Ball
2-2: Strikes out swinging
Batting: RHB Alfredo Villegas 0-0: Called Strike
0-1: Called Strike
0-2: Fly out, F8 (Flyball, 78M)
Batting: SHB Manuel Jiménez 0-0: Called Strike
0-1: Swinging Strike
0-2: Strikes out looking
Top of the 9th over - 0 run(s), 0 hit(s), 0 error(s), 0 left on base; Buffalo 2 - Reading 5
Thursday, March 30th, 2017 - OOTP Baseball 17.12 Build 75